 Dungeon Crawl Stone Soup version 0.28.0-43-g3370ac3207 (webtiles) character file.

Game seed: 16644773847835053377

3319 Peloso the Carver (level 9, 0/81 HPs)
             Began as a Minotaur Fighter on Mar 22, 2022.
             Slain by an orc warrior
             ... wielding a +0 bardiche
              (16 damage)
             ... in a bailey.
             The game lasted 00:15:11 (8915 turns).

Peloso the Carver (Minotaur Fighter)                Turns: 8915, Time: 00:15:12

Health: 0/81       AC: 17    Str: 23    XL:     9   Next: 71%
Magic:  8/8        EV:  7    Int:  5    God:
Gold:   366        SH:  5    Dex: 12    Spells: 8/8 levels left

rFire   . . .      SeeInvis .   a - +1 falchion (holy)
rCold   . . .      Faith    .   c - +0 buckler
rNeg    . . .      Spirit   .   y - +0 plate armour
rPois   .          Reflect  .   t - +1 hat
rElec   .          Harm     .   p - +0 cloak
rCorr   .          Rampage  .   e - +0 pair of gloves
Will    .....                   (no boots)
Stlth   ..........              (no amulet)
HPRegen 0.23/turn               (no ring)
MPRegen 0.11/turn               (no ring)

@: mighty, hasted, very quick
A: horns 2, retaliatory headbutt
a: no special abilities


You were in a bailey.
You visited 1 branch of the dungeon, and saw 8 of its levels.
You also visited: Ossuary and Bailey.

You collected 366 gold pieces.

Inventory:

Hand Weapons
 a - a +1 falchion of holy wrath (weapon)
 b - a +0 short sword of flaming
 f - the +10 spear of Uxzeirr {spect, rElec rF+ Str+3}
   (You found it on level 5 of the Dungeon)

   When its wielder attacks, the weapon's spirit leaps out and strikes again.
   The spirit shares a part of any damage it takes with its wielder.
   Str:       It affects your strength (+3).
   rF:        It protects you from fire.
   rElec:     It insulates you from electricity.
Armour
 c - a +0 buckler (worn)
 e - a +0 pair of gloves (worn)
 p - a +0 cloak (worn)
 t - a +1 hat (worn)
 y - a +0 plate armour (worn)
Jewellery
 i - an amulet of magic regeneration
Wands
 H - a wand of paralysis (12)
 I - a wand of digging (3)
Scrolls
 h - a scroll of silence
 j - a scroll of teleportation
 n - 2 scrolls of magic mapping
 o - 3 scrolls of amnesia
 s - 7 scrolls of noise
 v - 2 scrolls of blinking
 w - 2 scrolls of fog {unknown}
 x - a scroll of acquirement {unknown}
 A - a scroll of immolation
 B - a scroll of brand weapon {unknown}
 F - 3 scrolls of enchant weapon
 G - a scroll of torment {unknown}
Potions
 d - 2 potions of might
 g - a potion of haste
 k - 2 potions of resistance
 l - a potion of invisibility
 m - 3 potions of mutation
 q - 3 potions of heal wounds
 r - 2 potions of flight
 u - 3 potions of attraction {unknown}
 z - a potion of lignification {unknown}
 C - a potion of brilliance {unknown}
 D - a potion of berserk rage {unknown}
 E - a potion of curing {unknown}


   Skills:
 + Level 8.1 Fighting
 + Level 10.9 Long Blades
 + Level 8.9 Armour
 + Level 1.5 Dodging
 + Level 1.0 Stealth
 + Level 6.8 Shields


You had 8 spell levels left.
You didn't know any spells.
Your spell library was empty.

Dungeon Overview and Level Annotations

Branches:
Dungeon (8/15)             Temple (0/1) D:5            Lair (0/6) D:8
Ossuary (visited)          Bailey (1/1)

Altars:
Cheibriados
Elyvilon
Kikubaaqudgha
Trog
Vehumet
Xom

Shops:
D:3 *

Annotations:
D:5 1 runed translucent door, kthxbai's ghost, novice DEFE
D:8 exclusion: 3 oklob plants


Innate Abilities, Weirdness & Mutations

You have a pair of horns on your head.
You reflexively headbutt those who attack you in melee.


Message History

You hit the orc warrior. You headbutt the orc warrior!
The orc warrior is almost dead.
The orc warrior hits you with a +0 glaive!
You slash the orc warrior!
You kill the orc warrior!
Things that are here:
a +0 glaive; a +0 plate armour You start resting.
HP restored.
There is an open door, spattered with blood here.
You open the gate.
Found 3 scrolls of enchant weapon.
Found two gates leading back out of this place.
There is an open gate here.
F - 3 scrolls of enchant weapon You feel very mighty all of a sudden.
You open the door. 2 orc knights and 2 orc warriors come into view.
The orc knight shouts! x2; The orc warrior shouts!
The orc knight roars a battlecry!
The orcs go into a battle-frenzy!
Found a runed arbalest and a runed executioner's axe.
You feel yourself speed up.
The orc knight hits you with a +0 glaive!
The orc knight roars a battlecry!
The orc knight goes into a battle-frenzy!
There is an open door here.
You closely miss the orc knight.
The orc warrior hits you with a +0 bardiche!
You hit the orc knight but do no damage.
Your headbutt misses the orc knight.
The orc warrior hits you from afar with a +0 spear!
You slash the orc knight!
The orc knight is lightly wounded.
The orc knight hits you with a +0 glaive!!
* * * LOW HITPOINT WARNING * * *
The orc knight barely misses you. You furiously retaliate!
You headbutt the orc knight!
The orc warrior hits you with a +0 bardiche!
You die...

...≈≈.≈≈≈...#########...≈≈≈.≈≈...
...........##.......##...........
..........##..#'#'#..##..........
..........#..##)#.##..#..........
.........##.#########.##.........
.........##.')#).)#)'.##.........
.........##.###o8.###.##.........
.........##.')#ooo#)'.##.........
.........##.####@####.##.........
.........##..##∩.∩##..#..........
.............##'''#..##..........
.............##.....##...........
...≈≈.≈≈≈....##....##...≈≈≈.≈≈...
..≈≈#.##≈....#######....≈##.#≈≈..
..≈##)∩#≈...............≈#∩.##≈..
..≈#.)...................))).#≈..
..≈##.##≈...............≈##.##≈..


You could see 2 orc knights and 2 orc warriors.

Vanquished Creatures
  Sigmund (D:5)
  A steam dragon (D:6)
  Edmund (D:4)
  2 water moccasins (D:7)
  An ice beast (D:5)
  A sky beast (D:5)
  2 black bears (D:6)
  5 orc warriors (Bailey)
  An ogre (D:4)
  4 centaurs
  A phantom (D:7)
  A kobold brigand (D:6)
  A wyvern zombie (D:7)
  3 scorpions
  2 bullfrogs
  2 centaur zombies (Ossuary)
  A human zombie (Ossuary)
  A jelly (D:4)
  2 orc priests
  A centaur skeleton (D:6)
  4 hounds
  An iguana (D:5)
  9 orc wizards
  2 killer bee zombies
  2 hound zombies (D:5)
  A hound skeleton (D:4)
  4 mummies (Ossuary)
  A howler monkey zombie (D:7)
  10 adders
  2 shadow imps
  A white imp (D:7)
  2 worms (D:2)
  2 dart slugs
  35 orcs
  8 endoplasms
  10 giant cockroaches
  2 gnoll zombies (Ossuary)
  6 hobgoblins
  2 jackals (D:3)
  11 kobolds
  7 quokkas
  8 ball pythons
  6 bats
  2 frilled lizards (D:3)
  8 goblins
  A goblin zombie (Ossuary)
  2 hobgoblin zombies (Ossuary)
  5 rats
188 creatures vanquished.

Notes
Turn   | Place    | Note
-------+----------+-------------------------------------------
     0 | D:1      | Peloso the Minotaur Fighter began the quest for the Orb.
     0 | D:1      | Reached XP level 1. HP: 19/19 MP: 0/0
   245 | D:1      | Reached XP level 2. HP: 25/27 MP: 1/1
   547 | D:1      | Reached skill level 3 in Long Blades
  1084 | D:2      | Reached XP level 3. HP: 30/33 MP: 2/2
  1776 | D:2      | Reached XP level 4. HP: 35/40 MP: 3/3
  2494 | D:3      | Reached skill level 5 in Armour
  2606 | D:3      | Found Bauryvid's General Store.
  2700 | D:3      | Found a faded altar of an unknown god.
  2920 | D:4      | Reached skill level 4 in Long Blades
  2920 | D:4      | Reached XP level 5. HP: 43/47 MP: 4/4
  2978 | D:4      | Reached XP level 6. HP: 16/55 MP: 5/5
  3204 | D:4      | Reached skill level 5 in Long Blades
  3372 | D:4      | Noticed Edmund
  3388 | D:4      | Killed Edmund
  3389 | D:4      | Reached skill level 5 in Fighting
  3968 | D:4      | Reached XP level 7. HP: 61/61 MP: 6/6
  4077 | D:4      | Reached skill level 6 in Long Blades
  4420 | D:5      | Entered Level 5 of the Dungeon
  4420 | D:5      | Noticed kthxbai's ghost (novice DEFE)
  4420 | D:5      | Noticed a troll
  4420 | D:5      | Found a runed translucent door.
  4437 | D:5      | Noticed Sigmund
  4460 | D:5      | Killed Sigmund
  4488 | D:5      | Identified the +10 spear of Uxzeirr {spect, rElec rF+
                  | Str+3}
  4518 | D:5      | Found a sand-covered staircase.
  4571 | Ossuary  | Entered an ossuary
  4676 | Ossuary  | Reached skill level 7 in Long Blades
  5039 | D:5      | Reached XP level 8. HP: 70/70 MP: 7/7
  5058 | D:5      | Reached skill level 5 in Shields
  5124 | D:5      | Found a staircase to the Ecumenical Temple.
  5166 | D:5      | Reached skill level 8 in Long Blades
  5757 | D:6      | Reached skill level 9 in Long Blades
  5893 | D:6      | Reached skill level 1 in Dodging
  5972 | D:6      | Found an ancient bone altar of Kikubaaqudgha.
  5972 | D:6      | Found a white marble altar of Elyvilon.
  5972 | D:6      | Found a bloodstained altar of Trog.
  5972 | D:6      | Found a radiant altar of Vehumet.
  6012 | D:6      | Found a shimmering altar of Xom.
  6017 | D:6      | Found a snail-covered altar of Cheibriados.
  6191 | D:6      | Reached XP level 9. HP: 74/79 MP: 8/8
  6675 | D:7      | Reached skill level 10 in Long Blades
  7295 | D:7      | Reached skill level 1 in Stealth
  7632 | D:8      | Noticed an oklob plant
  7632 | D:8      | Noticed an oklob plant
  7632 | D:8      | Noticed an oklob plant
  7633 | D:8      | Paralysed by a floating eye for 4 turns
  7663 | D:8      | Noticed a death yak
  7663 | D:8      | Noticed a death yak
  7665 | D:8      | Noticed a death yak
  7665 | D:8      | Noticed a death yak
  7670 | D:8      | Noticed a death yak
  7676 | D:8      | Noticed a death yak
  7688 | D:8      | Found a flagged portal.
  7808 | Bailey   | Entered a bailey
  8910 | Bailey   | Noticed an orc knight
  8910 | Bailey   | Noticed an orc knight
  8915 | Bailey   | Slain by an orc warrior

Illustrated notes

Levels and vault maps discovered:
D:1:      lemuel_arrival_broad_hall, layout_basic,
          amcnicky_mini_corridor_feature, minmay_pentomino_w2
D:2:      layout_loops_corners, st_stairs_2
D:3:      layout_rooms, shapermc_ecumenical_altar_mp_vishouse, serial_shops,
          nicolae_shop_advertising_works [nicolae_subvault_shop_adworks]
D:4:      layout_loops_cross, kennysheep_generic_room_2, uniq_edmund
D:5:      layout_rooms, minmay_temple_entry_trees, enter_ossuary_2,
          ebering_ghost_inner_flame, minmay_misc_feat_hallway, uniq_sigmund
D:6:      layout_basic, grunt_dithmenos_shadows, minmay_overflow_temple_hex,
          minmay_misc_feat_nine_boxes, centaur_isle
D:7:      layout_rooms
D:8:      layout_loops_ring, dpeg_lair_monsters, enter_bailey_6, disabler_island
Bailey:   bailey_polearm_2, bailey

Skill      XL: |  1  2  3  4  5  6  7  8  9 |
---------------+----------------------------+-----
Armour         | 4 5 6 7 8 |  8.9
Long Blades    | 3 4 5 7 9 10 | 10.9
Fighting       | 4 5 6 7 8 |  8.1
Shields        | 4 5 6 |  6.8
Dodging        | 1 |  1.5
Stealth        | 1 |  1.0

Action                   |  1- 3 |  4- 6 |  7- 9 || total
-------------------------+-------+-------+-------++-------
Melee: Long sword        |    73 |   133 |   187 ||   393
       Headbutt          |    11 |    15 |    70 ||    96
       Falchion          |       |       |   186 ||   186
  Use: Scroll            |       |     3 |    10 ||    13
       Potion            |       |       |     2 ||     2
Armor: Scale mail        |    38 |    46 |       ||    84
       Chain mail        |       |     2 |     6 ||     8
       Plate armour      |       |       |   235 ||   235
Dodge: Dodged            |    35 |    60 |   126 ||   221
Block: Buckler           |    14 |    27 |   105 ||   146
